 Dungeon Crawl Stone Soup version 0.29-a0-414-g5075937ec3 (webtiles) character file.

Game seed: 3598143160093938300

19980 marklar909 the Basher (level 12, 0/100 HPs)
             Began as a Palentonga Fighter on May 16, 2022.
             Was a Priest of Makhleb.
             Slain by a basilisk (4 damage)
             ... while petrified by a basilisk
             ... on level 4 of the Lair of Beasts.
             The game lasted 00:30:57 (18092 turns).

marklar909 the Basher (Palentonga Fighter)         Turns: 18092, Time: 00:30:57

Health: 0/100      AC: 31    Str: 26    XL:     12   Next: 41%
Magic:  16/16      EV:  1    Int:  9    God:    Makhleb [***...]
Gold:   846        SH:  0    Dex: 14    Spells: 11/11 levels left

rFire   + . .      SeeInvis +   F - +2 morningstar (protect)
rCold   + . .      Faith    .   i - +0 kite shield
rNeg    + + +      Spirit   .   E - +1 chain mail {rC+}
rPois   ∞          Reflect  +   y - +2 hat
rElec   .          Harm     .   D - +0 cloak
rCorr   .          Rampage  .   n - +0 pair of gloves
Will    .....                   z - +0 barding of Vanity {rF+}
Stlth   ..........              h - amulet of reflection
HPRegen 0.26/turn               j - +4 ring of protection
MPRegen 0.15/turn               B - +6 ring of strength

@: petrified, hasted, curled up
A: large, rugged brown scales 3, see invisible, deformed body, roll 1, armoured
tail, reflexive curl
a: Rolling Charge, Renounce Religion, Minor Destruction, Lesser Servant of
Makhleb


You were on level 4 of the Lair of Beasts.
You worshipped Makhleb.
Makhleb was most pleased with you.
You visited 3 branches of the dungeon, and saw 15 of its levels.

You collected 846 gold pieces.

Inventory:

Hand Weapons
 f - the +6 hand axe of Symmetry {drain, Str+4}
   (You found it on level 6 of the Dungeon)

   A truly terrible weapon, it drains the life of any living foe it strikes.
   Str:       It affects your strength (+4).
 F - a +2 morningstar of protection (weapon)
Missiles
 g - 33 poisoned darts
Armour
 i - a +0 kite shield (worn)
 n - a +0 pair of gloves (worn)
 y - a +2 hat (worn)
 z - the +0 barding of Vanity (worn) {rF+}
   (You acquired it on level 2 of the Lair of Beasts)

   rF:        It protects you from fire.
 D - a +0 cloak (worn)
 E - a +1 chain mail of cold resistance (worn)
Jewellery
 e - an amulet of guardian spirit
 h - an amulet of reflection (around neck)
 j - a +4 ring of protection (left hand)
 o - a ring of positive energy
 B - a +6 ring of strength (right hand)
 J - a ring of wizardry
Wands
 c - a wand of paralysis (3)
 m - a wand of polymorph (10)
 A - a wand of flame (11)
 H - a wand of iceblast (7)
 I - a wand of acid (3)
 K - a wand of mindburst (5)
Scrolls
 d - 2 scrolls of teleportation
 p - 3 scrolls of blinking
 q - 2 scrolls of vulnerability
 s - 3 scrolls of identify
 v - 2 scrolls of amnesia
 G - a scroll of magic mapping
Potions
 b - a potion of attraction {unknown}
 k - a potion of resistance
 l - 4 potions of invisibility
 r - 4 potions of heal wounds
 t - 9 potions of curing
 u - 6 potions of mutation
 w - a potion of might
 x - a potion of magic
 C - 3 potions of brilliance


   Skills:
 * Level 8.5 Fighting
 + Level 2.1(7.0) Axes
 + Level 10.6(10.7) Maces & Flails
 + Level 0.1 Throwing
 * Level 6.4 Armour
 + Level 5.5 Dodging
 + Level 3.6 Stealth
 + Level 10.0 Shields
 + Level 0.1 Unarmed Combat
 * Level 5.5 Invocations
 + Level 1.6 Evocations


You had 11 spell levels left.
You didn't know any spells.
Your spell library contained the following spells:

 Spells                   Type           Power      Damage    Failure   Level
 Foxfire                  Conj/Fire      0%         2x1d4     99%         1
 Magic Dart               Conj           0%         1d3       99%         1
 Slow                     Hex            0%         N/A       99%         1
 Summon Small Mammal      Summ           0%         N/A       99%         1
 Blink                    Tloc           0%         N/A       99%         2
 Call Imp                 Summ           0%         N/A       99%         2
 Call Canine Familiar     Summ           0%         N/A       100%        3
 Confusing Touch          Hex            0%         N/A       100%        3
 Conjure Flame            Conj/Fire      0%         6-21      100%        3
 Frozen Ramparts          Ice            0%         1d2       100%        3
 Inner Flame              Hex/Fire       0%         N/A       100%        3
 Mephitic Cloud           Conj/Pois/Air  0%         N/A       100%        3
 Summon Guardian Golem    Hex/Summ       0%         N/A       100%        3
 Vampiric Draining        Necr           0%         2d6       100%        3
 Cause Fear               Hex            0%         N/A       100%        4
 Flame Wave               Conj/Fire      0%         2d4       100%        4
 Ice Form                 Ice/Tmut       0%         N/A       100%        4
 Leda's Liquefaction      Hex/Erth       0%         N/A       100%        4
 Summon Ice Beast         Ice/Summ       0%         N/A       100%        4
 Lee's Rapid Deconstruct  Erth           0%         3d5*      100%        5
 Manifold Assault         Tloc           0%         N/A       100%        5
 Statue Form              Tmut/Erth      0%         N/A       100%        6
 Storm Form               Tmut/Air       0%         N/A       100%        7
 Discord                  Hex            0%         N/A       100%        8


Dungeon Overview and Level Annotations

Branches:
Dungeon (10/15)            Temple (1/1) D:6            Lair (4/6) D:9
 Shoals (0/4) Lair:3       Spider (0/4) Lair:2
    Orc: D:9-12

Altars:
Ashenzari
Cheibriados
Dithmenos
Elyvilon
Fedhas
Gozag
Hepliaklqana
Kikubaaqudgha
Makhleb
Nemelex Xobeh
Okawaru
Qazlal
Ru
Sif Muna
Trog
Uskayaw
Vehumet
Wu Jian
Xom
Yredelemnul
Zin
The Shining One

Shops:
D:4 (   D:9 *


Innate Abilities, Weirdness & Mutations

You are completely covered in rugged brown scales. (AC +3, +7% HP)
You have supernaturally acute eyesight. (SInv)
Armour fits poorly on your strangely shaped body.
You can roll at nearby foes to attack.
You have a long armoured tail.
You curl defensively after being hit. (AC +7*)


Message History

The eight-headed hydra barely misses you.
You block the eight-headed hydra's attack.
The eight-headed hydra bites you but does no damage.
The eight-headed hydra bites you!
You block the eight-headed hydra's attack.
The eight-headed hydra bites you!
* * * LOW HITPOINT WARNING * * *
The eight-headed hydra barely misses you.
The wyvern bites you but does no damage.
Your neqoxec closely misses the wyvern.
The basilisk gazes at you. You resist with some effort.
The eight-headed hydra bites you.
* * * LOW HITPOINT WARNING * * *
The eight-headed hydra bites you!
* * * LOW HITPOINT WARNING * * *
You block the eight-headed hydra's attack.
The eight-headed hydra bites you but does no damage.
The eight-headed hydra bites you!
* * * LOW HITPOINT WARNING * * *
The eight-headed hydra bites you but does no damage. x2
The eight-headed hydra bites you.
* * * LOW HITPOINT WARNING * * *
The basilisk attacks as you move away! You block the basilisk's attack.
Your neqoxec barely misses the basilisk.
You have turned to stone.
The wyvern bites you but does no damage. x2
The basilisk bites you.
* * * LOW HITPOINT WARNING * * *
The eight-headed hydra bites you but does no damage.
The eight-headed hydra bites you!
* * * LOW HITPOINT WARNING * * *
The eight-headed hydra bites you but does no damage. x2
The eight-headed hydra bites you.
* * * LOW HITPOINT WARNING * * *
The eight-headed hydra bites you.
* * * LOW HITPOINT WARNING * * *
The eight-headed hydra bites you but does no damage. x2
The wyvern bites you but does no damage.
Your neqoxec hits the wyvern. The basilisk bites you!
You die...

### .. .. #. ##.
#..## ##########
#..#..D###.##.#..P#
#....3l@..........#
#.....l........#..#
#...##.#..P#.#.###.#
...
#########.###.### ..
#.###...#...# .
P....#......#
.....##P...#
#....#...##
#..###..#


You could see an eight-headed hydra, a basilisk, a wyvern (ally target) and a
friendly neqoxec (summoned).

Vanquished Creatures
  3 hydras
  A two-headed ogre (D:8)
  Nergalle (Lair:1)
  A black mamba (Lair:3)
  2 cane toads
  3 rime drakes (Lair:3)
  11 komodo dragons
  2 polar bears
  2 trolls
  A meliai (Lair:2)
  A hornet (D:9)
  A snapping turtle (Lair:3)
  A shadow (D:10)
  14 yaks
  2 wyverns
  2 steam dragons
  2 basilisks
  Eustachio (D:6)
  2 wargs (D:9)
  Menkaure (D:7)
  10 water moccasins
  3 orc warriors
  3 sky beasts
  An ice beast (D:5)
  2 ogres
  17 wolves
  9 centaurs
  2 phantoms
  2 kobold brigands
  11 bullfrogs
  3 necrophages
  3 scorpions
  2 gnoll sergeants
  10 killer bees
  An electric eel (Lair:3)
  5 jellies
  A hound (D:6)
  8 orc priests
  5 iguanas
  Natasha (thrice) (D:2)
  10 orc wizards
  17 gnolls
  8 adders
  3 shadow imps
  A white imp (D:5)
  2 ufetubi
  A worm (D:3)
  4 dart slugs
  34 orcs
  3 ball pythons
  9 endoplasms
  4 giant cockroaches
  5 goblins
  5 hobgoblins
  12 jackals
  15 kobolds
  2 quokkas
  9 bats
  2 frilled lizards (D:2)
  3 rats
304 creatures vanquished.

Vanquished Creatures (collateral kills)
  A hydra (Lair:2)
1 creature vanquished.

Vanquished Creatures (others)
  8 fungi
  12 plants
20 creatures vanquished.

Grand Total: 325 creatures vanquished

Notes
Turn   | Place    | Note
-------+----------+-------------------------------------------
     0 | D:1      | marklar909 the Palentonga Fighter began the quest for the
                  | Orb.
     0 | D:1      | Reached XP level 1. HP: 19/19 MP: 1/1
   110 | D:1      | Reached XP level 2. HP: 25/25 MP: 2/2
   304 | D:1      | Reached XP level 3. HP: 9/31 MP: 1/3
  1390 | D:2      | Noticed Natasha
  1401 | D:2      | Killed Natasha
  1402 | D:2      | Reached XP level 4. HP: 16/37 MP: 4/4
  1551 | D:2      | Noticed Natasha
  1565 | D:2      | Killed Natasha
  1744 | D:2      | Found a faded altar of an unknown god.
  2011 | D:2      | Reached XP level 5. HP: 44/44 MP: 5/5
  2840 | D:4      | Reached XP level 6. HP: 31/51 MP: 6/6
  3173 | D:4      | Reached skill level 1 in Dodging
  3463 | D:4      | Found Xidael's Weapon Shoppe.
  3661 | D:4      | Found a white marble altar of Elyvilon.
  3661 | D:4      | Found a bloodstained altar of Trog.
  3863 | D:4      | Gained mutation: You curl defensively after being hit. (AC
                  | +7*) [Palentonga growth]
  3863 | D:4      | Reached XP level 7. HP: 46/57 MP: 7/7
  3875 | D:4      | Reached skill level 5 in Maces & Flails
  3882 | D:4      | Found a shimmering altar of Xom.
  4293 | D:5      | Entered Level 5 of the Dungeon
  4583 | D:5      | Reached skill level 1 in Stealth
  4583 | D:5      | Reached skill level 5 in Shields
  4686 | D:5      | Reached XP level 8. HP: 65/65 MP: 8/8
  5999 | D:6      | Found a staircase to the Ecumenical Temple.
  6048 | Temple   | Entered the Ecumenical Temple
  6169 | Temple   | Became a worshipper of Makhleb the Destroyer
  6198 | D:6      | Noticed Eustachio
  6205 | D:6      | Killed Eustachio
  6504 | D:6      | Identified the +6 hand axe of Symmetry {drain, Str+4}
  7007 | D:6      | Reached XP level 9. HP: 18/71 MP: 9/9
  7025 | D:6      | Reached skill level 5 in Fighting
  7432 | D:2      | Noticed Natasha
  7443 | D:2      | Killed Natasha
  8194 | D:7      | Reached * piety under Makhleb
  8554 | D:7      | Noticed Menkaure
  8565 | D:7      | Killed Menkaure
  9086 | D:8      | Found an opulent altar of Gozag.
  9622 | D:8      | Noticed a two-headed ogre
  9633 | D:8      | Killed a two-headed ogre
  9634 | D:8      | Reached XP level 10. HP: 63/79 MP: 10/10
 10238 | D:9      | Found a staircase to the Lair.
 10371 | D:9      | Reached ** piety under Makhleb
 10978 | D:9      | Found Wemamaos's Changing Room.
 11209 | D:10     | Entered Level 10 of the Dungeon
 11403 | D:10     | Reached skill level 1 in Invocations
 11753 | D:10     | Found a glowing golden altar of the Shining One.
 11956 | D:10     | Noticed a cyclops
 11959 | D:10     | Noticed a fire giant
 12038 | Lair:1   | Entered Level 1 of the Lair of Beasts
 12493 | Lair:1   | Noticed a cane toad
 12544 | Lair:1   | Killed a cane toad
 12545 | Lair:1   | Reached skill level 5 in Dodging
 12645 | Lair:1   | Noticed Nergalle
 12658 | Lair:1   | Killed Nergalle
 12659 | Lair:1   | Reached XP level 11. HP: 86/86 MP: 12/12
 12852 | Lair:1   | Reached skill level 10 in Maces & Flails
 13110 | Lair:1   | Reached skill level 1 in Evocations
 13755 | Lair:2   | Noticed a four-headed hydra
 13769 | Lair:1   | Killed a four-headed hydra
 13823 | Lair:1   | Reached skill level 5 in Armour
 14182 | Lair:2   | Identified a scroll of acquirement
 14184 | Lair:2   | Acquired the +0 barding of Vanity {rF+}
 14490 | Lair:2   | Reached *** piety under Makhleb
 14522 | Lair:2   | Reached skill level 1 in Axes
 14844 | Lair:2   | Noticed a six-headed hydra
 14857 | Lair:2   | Killed a seven-headed hydra
 15234 | Lair:2   | Noticed a five-headed hydra
 15237 | Lair:2   | Found a hole to the Spider Nest.
 15248 | Lair:2   | Killed a five-headed hydra
 15712 | Lair:3   | Reached XP level 12. HP: 75/98 MP: 15/15
 15949 | Lair:3   | Noticed an eight-headed hydra
 15988 | Lair:3   | Killed an eight-headed hydra
 16389 | Lair:3   | Reached skill level 5 in Invocations
 17659 | Lair:3   | Found a staircase to the Shoals.
 17685 | Lair:3   | Reached skill level 10 in Shields
 18074 | Lair:4   | Noticed an eight-headed hydra
 18091 | Lair:4   | HP: 5/100 [eight-headed hydra (2)]
 18092 | Lair:4   | Slain by a basilisk

Illustrated notes

Levels and vault maps discovered:
D:1:      dpeg_arrival_central, layout_loops_ring, fountainhead,
          minmay_tetromino_i4
D:2:      layout_loops_cross, hellmonk_ecumenical_altar_dog_temple, uniq_natasha
D:3:      layout_basic
D:4:      layout_loops_corners, jmf_multi_god_temple, serial_shops, shop,
          nicolae_concentric_dashed_squares_mild, minmay_ruined_shrine
D:5:      layout_basic, minmay_statues_item
D:6:      layout_basic, minmay_temple_entry_offerings, uniq_eustachio
D:7:      layout_cave_pools, uniq_menkaure, uniq_crazy_yiuf_cottage
D:8:      layout_basic, nicolae_gozag_seed_capital, serial_rivers,
          chequers_serial_rivers_micro_c, chequers_serial_rivers_small_3,
          chequers_serial_rivers_micro_c, chequers_serial_rivers_small_a
D:9:      layout_roguey, erik_lair_orcish_takeover, hex_large,
          hangedman_decor_riveting, kennysheep_another_room,
          nicolae_transmutations_shop
D:10:     minmay_chopped_fan, layout_long_grid, tso_metal_star
Temple:   compressed_dpeg_circular_temple
Lair:1:   layout_hall_layers, serial_bayou_shore_a, uniq_nergalle
Lair:2:   wander_river, layout_gridlike, hellmonk_spider_entry_not_the_bees,
          grunt_megastairs_2, infiniplex_staircase_pool_2
Lair:3:   layout_roguey, minmay_shoals_entry_hut, beast_lair_carwin_8
Lair:4:   layout_loops_ring, serial_bayou_shore_b

Skill      XL: |  1  2  3  4  5  6  7  8  9 10 11 12 |
---------------+-------------------------------------+-----
Shields        | 3 4 5 6 7 8 9 10 | 10.0
Maces & Flails | 3 4 5 7 8 9 10 | 10.6
Dodging        | 1 2 3 4 5 |  5.5
Armour         | 3 4 5 6 |  6.4
Fighting       | 4 5 6 7 8 |  8.5
Stealth        | 1 2 3 |  3.6
Invocations    | 2 4 5 |  5.5
Evocations     | 1 |  1.6
Axes           | 2 |  2.1
Throwing       | |  0.1
Unarmed Combat | |  0.1

Action                   |  1- 3 |  4- 6 |  7- 9 | 10-12 || total
-------------------------+-------+-------+-------+-------++-------
Melee: Flail             |    99 |   192 |    91 |       ||   382
       Tailslap          |     5 |    23 |    53 |   150 ||   231
       Unarmed           |       |     8 |       |       ||     8
       Mace              |       |       |   278 |   788 ||  1066
       Hand axe          |       |       |       |    51 ||    51
       Morningstar       |       |       |       |     5 ||     5
Throw: Dart              |       |       |       |     4 ||     4
Invok: Minor Destruction |       |       |       |    25 ||    25
       Lesser Servant of |       |       |       |     3 ||     3
 Abil: Rolling Charge    |       |     1 |     1 |     1 ||     3
Evoke: Wand              |       |       |     4 |    24 ||    28
  Use: Potion            |     1 |       |     3 |     3 ||     7
       Scroll            |       |       |    15 |     9 ||    24
 Stab: Sleeping          |       |     1 |       |     1 ||     2
       Paralysed         |       |       |    10 |     5 ||    15
Armor: Scale mail        |    66 |    23 |       |       ||    89
       Skin              |       |     1 |       |       ||     1
       Leather armour    |       |    72 |   152 |   242 ||   466
       Chain mail        |       |       |       |   340 ||   340
Dodge: Dodged            |    44 |    51 |   106 |   279 ||   480
Block: Buckler           |    23 |       |       |       ||    23
       Kite shield       |    13 |   165 |   322 |   947 ||  1447
       Reflection        |       |     1 |     8 |    12 ||    21

Table legend: (Time is in decaauts)
 A = Elapsed time spent in this place.
 B = Non-inter-level travel time spent in this place.
 C = Inter-level travel time spent in this place.
 D = Time resting spent in this place.
 E = Time spent auto-exploring this place.
 F = Levels seen in this place.
 G = Mean time per level.
                   A        B        C        D        E       F      G
               +--------+--------+--------+--------+--------+-----+--------+
         Total |  18323 |  16817 |   1506 |   3496 |  10315 |  15 | 1221.5 |
       Dungeon |  12096 |  10840 |   1256 |   2174 |   6733 |  10 | 1209.6 |
        Temple |    130 |     10 |    120 |      0 |      0 |   1 |  130.0 |
          Lair |   6095 |   5966 |    129 |   1322 |   3582 |   4 | 1523.8 |
               +--------+--------+--------+--------+--------+-----+--------+

Top non-repeatable levels by time:
  Lair:3: 2405 daAuts
  Lair:1: 2107 daAuts
     D:6: 1710 daAuts
  Lair:2: 1516 daAuts
     D:5: 1495 daAuts
     D:4: 1422 daAuts
     D:9: 1276 daAuts
     D:8: 1201 daAuts
     D:1: 1201 daAuts
     D:2: 1199 daAuts
     D:3: 972 daAuts
     D:7: 874 daAuts
    D:10: 743 daAuts
  Temple: 130 daAuts
  Lair:4: 66 daAuts
